 Dungeon Sprint DCSS version 0.29-a0-542-g075992c915 (webtiles) character file.

Game seed: 4749201456361278320

36841977 mhtbhm the Heavyweight Champion (level 19, 162/250 HPs)
             Began as a Troll Transmuter on May 30, 2022.
             Was an Initiate of Gozag.
             Escaped with the Orb
             ... and 10 runes on June 3, 2022!
             The game lasted 01:09:45 (17319 turns).

mhtbhm the Heavyweight Champion (Troll Transmuter) Turns: 17319, Time: 01:09:45

Health: 162/250    AC: 29    Str: 33    XL:     19   Next: 94%
Magic:  29/29      EV: 14    Int: 12    God:    Gozag
Gold:   2240       SH:  5    Dex:  6    Spells: 30/60 levels left

rFire   + . .      SeeInvis +     - Unarmed
rCold   + + +      Faith    .   (no shield)
rNeg    + . .      Spirit   .   (body armour currently unavailable)
rPois   ∞          Reflect  +   C - +2 hat "Xuaplik" {Int+3 SInv}
rElec   +          Harm     +   w - scarf {rC+ rF+}
rCorr   +          Rampage  +   (gloves unavailable)
Will    +....      Rage     1%  (boots unavailable)
Stlth   ++........ NoTele   +   p - amulet of Niuhe {Reflect Harm Rampage rC+ SH+5}
HPRegen 1.31/turn               U - ring "Xein Seka" {rPois Str+6 Slay+3}
MPRegen 0.21/turn               o - ring "Zaogim" {Drain rC+ rCorr Slay+2}

@: statue-form, studying Necromancy, very slow
A: slow and powerful, torment resistance 1, boosted hp, large, unfitting armour,
claws 3, regeneration 1, (shaggy fur 1), (tough skin 1), berserk 1, clumsy 2,
deformed body, dopey 1, low MP 3, inability to read while threatened
0: Orb of Zot
}: 10/10 runes: serpentine, barnacled, slimy, silver, golden, iron, obsidian,
icy, bone, demonic
a: End Transformation, Renounce Religion, Potion Petition, Call Merchant, Bribe
Branch


You escaped.
You worshipped Gozag.
Gozag was most pleased with you.
You were a living statue of rough stone.
You visited 1 branch You collected 47383 gold pieces.
You spent 8675 gold pieces at shops.
You paid 36468 gold pieces to Gozag.

Inventory:

Missiles
 r - 7 javelins
 z - 7 curare-tipped darts
 H - 3 large rocks of chaos
 X - 30 boomerangs of dispersal
Armour
 a - the +2 robe of Soft Rains (melded) {Str+8}
   (You bought it in a shop in the Dungeon)

   Str:       It affects your strength (+8).
 w - a scarf of resistance (worn)
 C - the +2 hat "Xuaplik" (worn) {Int+3 SInv}
   (You acquired it in the Dungeon)

   Int:       It affects your intelligence (+3).
   SInv:      It lets you see invisible.
 K - the +13 gold dragon scales "Wicwuicypt" {Harm rPois rF+ rC+ Dex+5}
   (You found it in the Dungeon)

   Dex:       It affects your dexterity (+5).
   rF:        It protects you from fire.
   rC:        It protects you from cold.
   rPois:     It protects you from poison.
   Harm:      It increases damage dealt and taken.
 M - +0 pearl dragon scales
 N - the +1 robe of the Lair of Beasts {Harm rC++}
   (You bought it in a shop in the Dungeon)

   rC:        It greatly protects you from cold.
   Harm:      It increases damage dealt and taken.
 Q - the +4 dragonskin cloak
   (You took it off Tiamat in the Dungeon)

   It grants the wearer a chance to resist fire, cold, poison, electricity,
   acid, and negative energy.
Jewellery
 h - an amulet of guardian spirit
 n - the ring of Modwaesm {Will+ Dex+4}
   (You found it in the Dungeon)

   [ring of willpower]

   Dex:       It affects your dexterity (+4).
   Will:      It increases your willpower.
 o - the ring "Zaogim" (right claw) {Drain rC+ rCorr Slay+2}
   (You bought it in a shop in the Dungeon)

   [ring of protection from cold]

   Slay:      It affects your accuracy & damage with ranged weapons and melee
   (+2).
   rC:        It protects you from cold.
   rCorr:     It protects you from acid and corrosion.
   Drain:     It drains your maximum health when unequipped.
 p - the amulet of Niuhe (around neck) {Reflect Harm Rampage rC+ SH+5}
   (You found it in the Dungeon)

   [amulet of reflection]

   It reflects blocked missile attacks.
   rC:        It protects you from cold.
   SH:        It affects your SH (+5).
   Harm:      It increases damage dealt and taken.
   Rampage:   It bestows one free step when moving towards enemies.
 s - the ring of Nops {rElec rN+ Will++ Str-5 SInv}
   (You found it in the Dungeon)

   [ring of positive energy]

   Str:       It affects your strength (-5).
   rElec:     It insulates you from electricity.
   rN:        It protects you from negative energy.
   SInv:      It lets you see invisible.
   Will:      It greatly increases your willpower.
 x - an amulet of reflection
 G - the amulet of the Air {Inacc Air Fly rElec RMsl}
   (You found it in the Dungeon)

   [amulet of nothing]

   It reduces the accuracy of all your attacks.
   It enhances your air magic.
   rElec:     It insulates you from electricity.
   Fly:       It grants you flight.
   RMsl:      It protects you from missiles.
 T - a ring of flight
 U - the ring "Xein Seka" (left claw) {rPois Str+6 Slay+3}
   (You acquired it in the Dungeon)

   [ring of strength]

   Str:       It affects your strength (+6).
   Slay:      It affects your accuracy & damage with ranged weapons and melee
   (+3).
   rPois:     It protects you from poison.
Wands
 e - a wand of digging (12)
 q - a wand of polymorph (1)
 v - a wand of flame (11)
 E - a wand of mindburst (36)
 J - a wand of acid (2) (quivered)
 L - a wand of iceblast (19)
 R - a wand of charming (5)
Scrolls
 d - 3 scrolls of poison
 j - 3 scrolls of immolation
 k - 3 scrolls of identify
 u - 2 scrolls of summoning
 y - 8 scrolls of enchant weapon
 I - 7 scrolls of enchant armour
 P - a scroll of silence
Potions
 b - 3 potions of lignification
 c - 4 potions of mutation
 f - 3 potions of magic
 g - 4 potions of attraction
 i - 2 potions of might
 m - 2 potions of flight
 t - 11 potions of curing
 A - 3 potions of brilliance
 B - 6 potions of resistance
 D - 6 potions of haste
 Z - 3 potions of heal wounds
Miscellaneous
 l - a lightning rod (4/4)
 F - a condenser vane
 O - a tin of tremorstones (2/2)
 Y - the horn of Geryon


   Skills:
 + Level 13.2 Fighting
 + Level 0.3(0.4) Short Blades
 + Level 0.2(0.3) Long Blades
 + Level 0.2(0.4) Axes
 + Level 0.2(0.4) Maces & Flails
 + Level 0.3(0.5) Polearms
 + Level 0.3(0.5) Staves
 + Level 0.1(1.9) Slings
 + Level 0.1 Bows
 + Level 0.1 Crossbows
 + Level 4.2 Throwing
 + Level 0.2 Armour
 * Level 22.4 Dodging
 - Level 9.5 Stealth
 + Level 11.6 Shields
 O Level 27 Unarmed Combat
 + Level 21.0 Spellcasting
 + Level 0.1 Conjurations
 + Level 0.1 Hexes
 + Level 0.2 Summonings
 + Level 0.6 Necromancy
 + Level 0.1 Translocations
 + Level 23.5 Transmutations
 + Level 0.2 Fire Magic
 - Level 6.8 Ice Magic
 + Level 0.1 Air Magic
 * Level 25.2 Earth Magic
 + Level 0.1 Poison Magic
 + Level 0.2 Invocations
 + Level 11.0 Evocations


You had 30 spell levels left.
You knew the following spells:

 Your Spells              Type           Power      Damage    Failure   Level
a - Beastly Appendage     Tmut           100%       N/A       0%          1
b - Wereblood             Tmut           62%        N/A       0%          2
c - Spider Form           Tmut/Pois      41%        N/A       1%          3
d - Ice Form              Ice/Tmut       49%        N/A       1%          4
e - Statue Form           Tmut/Erth      42%        N/A       1%          6
f - Blade Hands           Tmut           31%        N/A       0%          5
g - Dragon Form           Tmut           31%        N/A       1%          7
h - Passwall              Tmut/Erth      52%        N/A       0%          2

Your spell library contained the following spells:

 Spells                   Type           Power      Damage    Failure   Level
 Petrify                  Tmut/Erth      63%        N/A       0%          4
 Lee's Rapid Deconstruct  Erth           32%        3d18*     0%          5
 Ensorcelled Hibernation  Hex/Ice        42%        N/A       1%          2
 Frozen Ramparts          Ice            58%        1d7       1%          3
 Ignite Poison            Fire/Tmut/Pois 31%        N/A       1%          3
 Leda's Liquefaction      Hex/Erth       21%        N/A       1%          4
 Irradiate                Conj/Tmut      20%        3d20      1%          5
 Summon Small Mammal      Summ           52%        N/A       3%          1
 Blink                    Tloc           26%        N/A       5%          2
 Summon Ice Beast         Ice/Summ       21%        N/A       9%          4
 Call Canine Familiar     Summ           13%        N/A       11%         3
 Confusing Touch          Hex            12%        N/A       11%         3
 Mephitic Cloud           Conj/Pois/Air  13%        N/A       11%         3
 Summon Guardian Golem    Hex/Summ       13%        N/A       11%         3
 Swiftness                Air            12%        N/A       11%         3
 Metabolic Englaciation   Hex/Ice        10%        N/A       26%         5
 Storm Form               Tmut/Air       20%        N/A       26%         7
 Anguish                  Hex/Necr       6%         N/A       32%         4
 Sticky Flame             Conj/Fire      13%        2d4       34%         4
 Manifold Assault         Tloc           13%        N/A       69%         5
 Enfeeble                 Hex            6%         N/A       100%        7
 Haunt                    Necr/Summ      6%         N/A       100%        7
 Infestation              Necr           7%         N/A       100%        8
 Animate Dead             Necr           Unusable   N/A       N/A         4

Dungeon Overview and Level Annotations

Branches:
Dungeon (1/1)

Altars:
Cheibriados
Dithmenos
Elyvilon
Fedhas
Gozag
Hepliaklqana
Kikubaaqudgha
Makhleb
Nemelex Xobeh
Okawaru
Qazlal
Ru
Sif Muna
Trog
Uskayaw
Vehumet
Wu Jian
Xom
Yredelemnul
Zin
The Shining One
Beogh
Jiyva
Lugonu

Shops:
D [[?!:!:=?[**!!![[::!:?*=!=!*=**[[([(***


Innate Abilities, Weirdness & Mutations

You are a living statue of rough stone.
Your actions are slow, but your melee attacks are powerful.
You are resistant to unholy torment.
Your maximum health is greatly increased.
You are immune to poison.
Your equipment is partially melded.
You are too large for most types of armour.
You have claws for hands.
Your natural rate of healing is unusually fast.
((You are covered in fur. (AC +1)))
((You have tough skin. (AC +1)))
You tend to lose your temper in combat.
You are very clumsy. (Dex -4)
Armour fits poorly on your strangely shaped body.
You are dopey. (Int -2)
Your magical capacity is extremely low. (-30% MP)
You sometimes lose the ability to read scrolls when taking damage.


Message History

The sixfirhy hits you. The sixfirhy shocks you!
You block the sixfirhy's attack. The sixfirhy misses you.
The sixfirhy hits you!
You feel threatened and lose the ability to read scrolls!
The sixfirhy shocks you! The sixfirhy hits you. The sixfirhy shocks you!
The sixfirhy attacks as you move away! The sixfirhy closely misses you.
The sixfirhy hits you but does no damage.
The sixfirhy completely misses you.
The sixfirhy hits you but does no damage.
You eviscerate the sixfirhy!!!!
You kill the sixfirhy!
You now have 2123 gold pieces (gained 63).
A blizzard demon comes into view.
The blizzard demon gestures at you. The bolt of lightning hits you!
The bolt of lightning misses you.
The blizzard demon waves its arms in wide circles.
The air twists around and strikes you!!
Casting: Statue Form (safe; 1% risk of failure)
Confirm with . or Enter, or press ? or * to list all spells.
Okay, then.
Casting: Statue Form (safe; 1% risk of failure)
Confirm with . or Enter, or press ? or * to list all spells.
You turn into a living statue of rough stone.
The +2 robe of Soft Rains {Str+8} melds into your body.
Unknown command.
You feel much better.
The blizzard demon waves its arms in wide circles.
The air twists around and strikes you. You block the blizzard demon's attack.
The blizzard demon hits you but does no damage.
Unknown command.
You eviscerate the blizzard demon!!! You claw the blizzard demon.
You kill the blizzard demon!
You now have 2240 gold pieces (gained 117).
You can read scrolls again.
Things that are here:
a +0 robe; a +0 club
There is a staircase leading out of the dungeon here.
Some rock shatters into small pieces.
You have escaped!

▓▓▓▓▓▓▓▓▓ ▓▓
▓8..#)..#### ##.
▓....2.....#####..
▓..##....[..#..#..
▓##.##.##...#..#..
##.##.###..##'#..
▓#.####.##..###...
▓.###..##..####...
▓#.....##..###....
###..##...##.....


You could see a cacodemon.

Vanquished Creatures
  Antaeus (D)
  the Royal Jelly (D)
  Gloorx Vloq (D)
  2 pandemonium lords (D)
  the Serpent of Hell (D)
  Dispater (D)
  Tiamat (D)
  An ancient lich (D)
  Khufu (D)
  Mara (D)
  An orb of fire (D)
  Mennas (D)
  6 royal mummies (D)
  Boris (thrice) (D)
  Frederick (D)
  A Killer Klown (D)
  Nikola (D)
  Geryon (D)
  A golden dragon (D)
  2 Brimstone Fiends (D)
  An electric golem (D)
  A Tzitzimitl (D)
  An iron giant (D)
  Nellie (D)
  A lich (D)
  A tentacled monstrosity (D)
  Rupert (D)
  5 Ice Fiends (D)
  A titan (D)
  3 Orb Guardians (D)
  5 Hell Sentinels (D)
  A deep elf master archer (D)
  2 Executioners (D)
  8 acid blobs (D)
  5 deep elf blademasters (D)
  A quicksilver dragon (D)
  An ancient champion (D)
  4 shadow dragons (D)
  A kraken (D)
  Chuck (D)
  2 sphinxes (D)
  A storm dragon (D)
  Gastronok (D)
  Roxanne (D)
  Dowan (D)
  8 azure jellies (D)
  3 fire giants (D)
  2 draconian scorchers (D)
  2 draconian knights (D)
  5 rockslimes (D)
  An iron dragon (D)
  A frost giant (D)
  A nagaraja (D)
  3 ghost moths (D)
  3 quicksilver oozes (D)
  4 draconian stormcallers (D)
  A reaper (D)
  2 vampire knights (D)
  4 war gargoyles (D)
  3 stone giants (D)
  3 deep elf demonologists (D)
  Nessos (D)
  A deep elf annihilator (D)
  2 dire elephants (D)
  An entropy weaver (shapeshifter) (D)
  A yellow draconian (D)
  Azrael (D)
  An iron golem (D)
  A blizzard demon (D)
  5 yaktaur captains (D)
  5 mummy priests (D)
  A fire dragon (D)
  A deep elf death mage (D)
  A great orb of eyes (D)
  A deep elf high priest (D)
  2 hydras (D)
  18 vault guards (D)
  3 hell beasts (D)
  An ogre mage (D)
  2 alligator snapping turtles (D)
  Erolcha (D)
  2 centaur warriors (D)
  2 iron elementals (D)
  A naga warrior (D)
  3 anacondas (D)
  4 death yaks (D)
  A titan zombie (D)
  Urug (D)
  3 soul eaters (D)
  3 sun demons (D)
  A shadow wraith (D)
  A deep elf knight (D)
  A sixfirhy (D)
  9 skeletal warriors (D)
  2 glowing orange brains (D)
  A death drake (D)
  An anaconda zombie (D)
  3 kraken simulacra (D)
  A spectral iron dragon (D)
  A spriggan druid (D)
  A shadow demon (D)
  An orange crystal statue (D)
  2 obsidian statues (D)
  2 orc knights (D)
  A lindwurm (D)
  2 deep elf zephyrmancers (D)
  3 deep elf pyromancers (D)
  2 oklob plants (D)
  4 crystal guardians (D)
  An orc sorcerer (D)
  A moth of wrath (D)
  3 ugly things (D)
  5 shining eyes (D)
  8 black mambas (D)
  2 elephants (D)
  2 stone giant skeletons (D)
  2 smoke demons (D)
  9 statues (D)
  A guardian serpent (D)
  A molten gargoyle (D)
  Duvessa (D)
  3 rust devils (D)
  2 cane toads (D)
  An orange demon (D)
  A rime drake (D)
  7 hellions (D)
  An efreet (D)
  2 hellwings (D)
  11 yaktaurs (D)
  An anaconda simulacrum (D)
  A komodo dragon (D)
  2 ice devils (D)
  26 guardian mummies (D)
  4 spriggan defenders (D)
  A queen bee (D)
  3 hornets (D)
  2 orc high priests (D)
  2 tyrant leeches (D)
  8 blink frogs (D)
  12 slime creatures (D)
  4 snapping turtles (D)
  2 large abominations (D)
  2 spriggans (D)
  10 shadows (D)
  A redback (shapeshifter) (D)
  A golden eye (D)
  5 redbacks (D)
  2 iron troll simulacra (D)
  A spatial vortex (D)
  2 nagas (D)
  4 water moccasins (D)
  4 floating eyes (D)
  A swamp drake (D)
  A floating eye (shapeshifter) (D)
  3 orc warriors (D)
  2 fire dragon simulacra (D)
  5 two-headed ogres (D)
  A water elemental (D)
  A necrophage (D)
  A scorpion (D)
  32 killer bees (D)
  4 electric eels (D)
  3 wandering mushrooms (D)
  14 quasits (D)
  A jelly (D)
  4 orc priests (D)
  Jessica (D)
  4 orc wizards (D)
  A wizard (D)
  A necromancer (D)
  A polar bear simulacrum (D)
  A wolf simulacrum (D)
  A kobold demonologist (D)
  3 humans (D)
  3 adders (D)
  7 orcs (D)
  2 endoplasms (D)
  2 bushes (D)
  4 butterflies (D)
  5 plants (D)
  7 tentacles (D)
515 creatures vanquished.

Vanquished Creatures (others)
  4 dancing weapons (D)
  A yaktaur (D)
  3 ball lightnings (D)
  5 ballistomycete spores (D)
  A fungus (D)
  42 plants (D)
  25 tentacles (D)
81 creatures vanquished.

Grand Total: 596 creatures vanquished

Notes
Turn   | Place    | Note
-------+----------+-------------------------------------------
     0 | D        | mhtbhm the Troll Transmuter began the quest for the Orb.
     0 | D        | Reached XP level 1. HP: 18/18 MP: 1/1
    31 | D        | Noticed Jessica
    36 | D        | Killed Jessica
    37 | D        | Reached skill level 5 in Unarmed Combat
    37 | D        | Reached XP level 2. HP: 24/26 MP: 0/4
    37 | D        | Reached XP level 3. HP: 29/32 MP: 0/5
    40 | D        | Learned a level 2 spell: Wereblood
    44 | D        | Learned a level 3 spell: Spider Form
   201 | D        | Noticed a scorpion
   217 | D        | Killed a scorpion
   218 | D        | Reached skill level 7 in Unarmed Combat
   218 | D        | Reached XP level 4. HP: 40/40 MP: 0/7
   304 | D        | Noticed a water elemental
   309 | D        | Killed a water elemental
   310 | D        | Reached skill level 8 in Unarmed Combat
   310 | D        | Reached XP level 5. HP: 46/46 MP: 4/8
   312 | D        | Found a radiant altar of Vehumet.
   312 | D        | Found a shimmering blue altar of Sif Muna.
   312 | D        | Found an ancient bone altar of Kikubaaqudgha.
   326 | D        | Found a glowing silver altar of Zin.
   327 | D        | Found a glowing golden altar of the Shining One.
   327 | D        | Found a white marble altar of Elyvilon.
   327 | D        | Noticed a deep elf pyromancer
   328 | D        | Noticed a fire elemental
   328 | D        | Noticed a fire elemental
   341 | D        | Killed a deep elf pyromancer
   342 | D        | Reached skill level 1 in Fighting
   342 | D        | Reached skill level 11 in Unarmed Combat
   342 | D        | Reached skill level 5 in Transmutations
   342 | D        | Reached XP level 6. HP: 31/55 MP: 6/12
   342 | D        | Reached XP level 7. HP: 35/62 MP: 6/13
   405 | D        | Learned a level 4 spell: Ice Form
   485 | D        | Noticed a shadow
   488 | D        | Killed a shadow
   489 | D        | Reached skill level 5 in Spellcasting
   493 | D        | Found a blossoming altar of Fedhas.
   493 | D        | Found a stormy altar of Qazlal.
   494 | D        | Found a snail-covered altar of Cheibriados.
   494 | D        | Found a burning altar of Makhleb.
   494 | D        | Found a hazy altar of Hepliaklqana.
   494 | D        | Found a shimmering altar of Xom.
   494 | D        | Found an opulent altar of Gozag.
   494 | D        | Found a sparkling altar of Nemelex Xobeh.
   494 | D        | Found a corrupted altar of Lugonu.
   494 | D        | Found a viscous altar of Jiyva.
   494 | D        | Noticed a spatial vortex
   501 | D        | Killed a spatial vortex
   502 | D        | Reached skill level 12 in Unarmed Combat
   505 | D        | Became a worshipper of Gozag Ym Sagoz the Greedy
   571 | D        | Found a basalt altar of Yredelemnul.
   571 | D        | Found a shadowy altar of Dithmenos.
   571 | D        | Found a sacrificial altar of Ru.
   582 | D        | Found a hide-covered altar of Uskayaw.
   582 | D        | Found an iron altar of Okawaru.
   583 | D        | Found a bloodstained altar of Trog.
   583 | D        | Found an ornate altar of the Wu Jian Council.
   583 | D        | Noticed a human
   583 | D        | Noticed a human
   593 | D        | Killed a human
   594 | D        | Reached skill level 1 in Ice Magic
   594 | D        | Reached XP level 8. HP: 30/72 MP: 9/15
   598 | D        | Reached skill level 5 in Dodging
   784 | D        | Reached skill level 13 in Unarmed Combat
   888 | D        | Noticed a two-headed ogre
   891 | D        | Killed a two-headed ogre
   898 | D        | Noticed a two-headed ogre
   898 | D        | Noticed Erolcha
   903 | D        | Killed a two-headed ogre
   904 | D        | Reached skill level 1 in Evocations
   904 | D        | Reached XP level 9. HP: 80/80 MP: 11/17
   912 | D        | Killed Erolcha
   913 | D        | Reached skill level 14 in Unarmed Combat
  1091 | D        | Noticed a wandering mushroom
  1095 | D        | Noticed a wandering mushroom
  1097 | D        | Noticed a wandering mushroom
  1232 | D        | Noticed a cane toad
  1232 | D        | Noticed a komodo dragon
  1232 | D        | Noticed a cane toad
  1235 | D        | Killed a komodo dragon
  1237 | D        | Killed a cane toad
  1240 | D        | Killed a cane toad
  1241 | D        | Reached skill level 1 in Stealth
  1241 | D        | Reached XP level 10. HP: 91/91 MP: 13/19
  1249 | D        | Reached skill level 15 in Unarmed Combat
  1312 | D        | Reached skill level 16 in Unarmed Combat
  1479 | D        | Found Niefit's Assorted Antiques.
  1481 | D        | Noticed an orc knight
  1482 | D        | Noticed an orc sorcerer
  1490 | D        | Killed an orc knight
  1491 | D        | Reached skill level 5 in Ice Magic
  1491 | D        | Reached XP level 11. HP: 85/100 MP: 16/21
  1506 | D        | Killed an orc sorcerer
  1507 | D        | Reached skill level 17 in Unarmed Combat
  1603 | D        | Bought a scroll labelled HAMUOSTOECVI for 26 gold pieces
  1603 | D        | Bought a scroll labelled HAMUOSTOECVI for 26 gold pieces
  1603 | D        | Bought a dark potion for 23 gold pieces
  1603 | D        | Bought an agate ring for 130 gold pieces
  1603 | D        | Bought a scratched coral ring for 130 gold pieces
  1603 | D        | Bought a lumpy dark potion for 23 gold pieces
  1603 | D        | Bought an ivory wand for 104 gold pieces
  1615 | D        | Noticed a deep elf pyromancer
  1615 | D        | Noticed a deep elf pyromancer
  1615 | D        | Noticed a deep elf zephyrmancer
  1615 | D        | Noticed a deep elf zephyrmancer
  1615 | D        | Noticed a deep elf knight
  1625 | D        | Killed a deep elf zephyrmancer
  1628 | D        | Killed a deep elf knight
  1631 | D        | Killed a deep elf pyromancer
  1634 | D        | Killed a deep elf pyromancer
  1641 | D        | Killed a deep elf zephyrmancer
  1642 | D        | Noticed a deep elf demonologist
  1643 | D        | Noticed a deep elf demonologist
  1644 | D        | Noticed a deep elf death mage
  1703 | D        | Bought a book of Sloth for 540 gold pieces
  1710 | D        | Learned a level 6 spell: Statue Form
  1749 | D        | Noticed a lindwurm
  1753 | D        | Killed a lindwurm
  1763 | D        | Reached skill level 18 in Unarmed Combat
  1763 | D        | Noticed Urug
  1767 | D        | Killed Urug
  1768 | D        | Reached skill level 10 in Transmutations
  1921 | D        | Noticed a six-headed hydra
  1921 | D        | Noticed a four-headed hydra
  1932 | D        | Killed a four-headed hydra
  1936 | D        | Killed a six-headed hydra
  1937 | D        | Reached skill level 5 in Evocations
  2076 | D        | Noticed a death drake
  2080 | D        | Killed a death drake
  2121 | D        | Identified the +4 ring mail "Xous Qa Irph" {Str+4}
  2179 | D        | Identified the ring of Nops {rElec rN+ Will++ Str-5 SInv}
  2196 | D        | Got the Compendium of the Unseen Realm
  2212 | D        | Found a blossoming altar of Fedhas.
  2212 | D        | Noticed a spriggan druid
  2219 | D        | Killed a spriggan druid
  2236 | D        | Reached skill level 19 in Unarmed Combat
  2246 | D        | Reached XP level 12. HP: 96/109 MP: 24/24
  2350 | D        | Noticed an anaconda
  2353 | D        | Killed an anaconda
  2482 | D        | Noticed an anaconda
  2482 | D        | Noticed an anaconda
  2493 | D        | Killed an anaconda
  2494 | D        | Killed an anaconda
  2500 | D        | Reached skill level 5 in Fighting
  2635 | D        | Noticed a naga warrior
  2635 | D        | Noticed a nagaraja
  2648 | D        | Killed a nagaraja
  2649 | D        | Reached skill level 20 in Unarmed Combat
  2659 | D        | HP: 3/133 [constriction (5)]
  2803 | D        | Killed a naga warrior
  2846 | D        | Found Rieh's Jewellery Shop.
  2846 | D        | Found Pighiseq's Magic Scroll Shoppe.
  2848 | D        | Found Raone's Antique Armour Boutique.
  2855 | D        | Bought an amulet of reflection for 420 gold pieces
  2874 | D        | Reached skill level 5 in Stealth
  2879 | D        | Got a serpentine rune of Zot
  2990 | D        | Noticed a dire elephant
  2990 | D        | Noticed a dire elephant
  2990 | D        | Noticed Gastronok
  2998 | D        | Killed a dire elephant
  3002 | D        | Killed a dire elephant
  3013 | D        | Killed Gastronok
  3016 | D        | Noticed an azure jelly
  3016 | D        | Noticed an azure jelly
  3016 | D        | Noticed an azure jelly
  3018 | D        | Noticed an azure jelly
  3022 | D        | Noticed Rupert
  3029 | D        | Killed an azure jelly
  3034 | D        | Killed an azure jelly
  3035 | D        | Reached skill level 21 in Unarmed Combat
  3043 | D        | Killed Rupert
  3044 | D        | Reached XP level 13. HP: 63/120 MP: 25/25
  3045 | D        | Killed an azure jelly
  3051 | D        | Killed an azure jelly
  3052 | D        | Reached skill level 10 in Dodging
  3153 | D        | Reached skill level 1 in Earth Magic
  3164 | D        | Reached skill level 22 in Unarmed Combat
  3225 | D        | Noticed a kraken
  3465 | D        | Killed a kraken
  3466 | D        | Reached skill level 10 in Spellcasting
  3704 | D        | Bought a manual of Dodging for 1120 gold pieces
  3774 | D        | Noticed Dowan
  3774 | D        | Noticed Duvessa
  3780 | D        | Killed Dowan
  3782 | D        | Killed Duvessa
  4205 | D        | Reached skill level 5 in Earth Magic
  4237 | D        | Found Tolyotae's Jewellery Emporium.
  4237 | D        | Found Suez's General Store.
  4237 | D        | Found Votestreunn's Antique Weapon Shoppe.
  4237 | D        | Found Qeckejyff's General Store.
  4237 | D        | Found Roj Okoxkopp's Antique Armour Shop.
  4237 | D        | Found Xiazxom's Antique Weapon Emporium.
  4237 | D        | Found Xagol's Armour Boutique.
  4238 | D        | Found Ceppibops's Assorted Antiques.
  4238 | D        | Found Puurgh's Magic Scroll Shoppe.
  4238 | D        | Found Lich's Book Shop.
  4238 | D        | Found Zacherch's Distillery.
  4272 | D        | Bought a book of Transfigurations for 400 gold pieces
  4278 | D        | Learned a level 5 spell: Blade Hands
  4286 | D        | Learned a level 7 spell: Dragon Form
  4291 | D        | Bought a scroll of acquirement for 676 gold pieces
  4291 | D        | Acquired 477 gold pieces
  4295 | D        | Acquired a scarf of resistance
  4307 | D        | Bought a potion of berserk rage for 145 gold pieces
  4307 | D        | Bought a potion of might for 116 gold pieces
  4325 | D        | Bought 2 potions of curing for 78 gold pieces
  4325 | D        | Bought a scroll of fog for 26 gold pieces
  4337 | D        | Bought a scroll of identify for 26 gold pieces
  4337 | D        | Bought a scroll of immolation for 45 gold pieces
  4339 | D        | Bought a potion of heal wounds for 50 gold pieces
  4339 | D        | Bought a potion of curing for 30 gold pieces
  4339 | D        | Bought a potion of haste for 100 gold pieces
  4339 | D        | Bought a potion of might for 40 gold pieces
  4339 | D        | Bought a potion of mutation for 80 gold pieces
  4674 | D        | Found the amulet of the Air {Inacc Air Fly rElec RMsl}
  4696 | D        | Reached skill level 23 in Unarmed Combat
  4701 | D        | Noticed a fire dragon
  4705 | D        | Killed a fire dragon
  4727 | D        | Reached skill level 1 in Shields
  4745 | D        | Identified the +2 arbalest "Rueh" {speed, Int+4}
  4820 | D        | Gained mutation: Your magical capacity is low. (-10% MP)
                  | [mutagenic glow]
  4900 | D        | Reached XP level 14. HP: 61/131 MP: 24/24
  5035 | D        | Noticed Chuck
  5048 | D        | Killed Chuck
  5084 | D        | Bought a scroll labelled CITOMA UDEDI for 30 gold pieces
  5084 | D        | Bought a scroll of identify for 60 gold pieces
  5084 | D        | Bought a scroll labelled CITOMA UDEDI for 30 gold pieces
  5084 | D        | Bought a potion of heal wounds for 150 gold pieces
  5084 | D        | Bought a scroll labelled QABLYE HAMAO for 30 gold pieces
  5277 | D        | Noticed an ancient lich
  5552 | D        | Noticed Azrael
  5554 | D        | Killed Azrael
  5585 | D        | Acquired 457 gold pieces
  5650 | D        | Noticed a deep elf master archer
  5653 | D        | Noticed a Brimstone Fiend
  5657 | D        | Killed a deep elf master archer
  5659 | D        | Killed a ghostly deep elf master archer
  5661 | D        | Identified the +9 morningstar of Discretion {spect, *Rage
                  | rElec rPois Int+7}
  5665 | D        | Reached skill level 24 in Unarmed Combat
  5675 | D        | Reached skill level 10 in Earth Magic
  5699 | D        | Identified the +3 arbalest "Quonnu" {flame, rElec rF+ Int-2
                  | Dex+2}
  5956 | D        | Found Kysoceri's Antique Armour Shoppe.
  5956 | D        | Found Huh Eryhuh's Magic Scroll Boutique.
  5956 | D        | Found Odowuic's Book Shop.
  6222 | D        | Got a barnacled rune of Zot
  6249 | D        | Bought a fine robe for 96 gold pieces
  6249 | D        | Identified the +2 robe "Qigerous" {rN+ MP-9 Str-4 Int+6}
                  | (You bought it in a shop in the Dungeon)
  6250 | D        | Bought a warped robe for 96 gold pieces
  6250 | D        | Identified the +2 robe of Soft Rains {Str+8} (You bought it
                  | in a shop in the Dungeon)
  6437 | D        | Noticed Frederick
  6440 | D        | Killed Frederick
  6460 | D        | Noticed a lich
  6462 | D        | Killed a lich
  6475 | D        | Noticed a shadow dragon
  6476 | D        | Noticed a shadow dragon
  6479 | D        | Killed a shadow dragon
  6482 | D        | Killed a shadow dragon
  6748 | D        | Bought a potion of curing for 48 gold pieces
  6750 | D        | Bought a wand of acid (5) for 234 gold pieces
  6823 | D        | Gained mutation: You are clumsy. (Dex -2) [mutagenic glow]
  6898 | D        | Noticed a shadow dragon
  6898 | D        | Noticed a golden dragon
  6898 | D        | Noticed a quicksilver dragon
  6898 | D        | Noticed a stone giant
  6898 | D        | Noticed a fire giant
  6898 | D        | Noticed a titan
  6898 | D        | Noticed a fire giant
  6899 | D        | Noticed a shadow dragon
  6902 | D        | Killed a quicksilver dragon
  6903 | D        | Reached skill level 25 in Unarmed Combat
  6903 | D        | Reached XP level 15. HP: 143/143 MP: 27/27
  6903 | D        | Killed a fire giant
  6904 | D        | Reached skill level 15 in Transmutations
  6905 | D        | Killed a fire giant
  6905 | D        | Killed a titan
  6906 | D        | Killed a shadow dragon
  6906 | D        | Killed a shadow dragon
  6906 | D        | Killed a golden dragon
  6907 | D        | Reached skill level 26 in Unarmed Combat
  7022 | D        | Identified the +4 scale mail of the Screaming Curses {Harm
                  | Regen+}
  7038 | D        | Got a silver rune of Zot
  7298 | D        | Noticed Nellie
  7311 | D        | Killed Nellie
  7315 | D        | Got a demonic rune of Zot
  7428 | D        | Found Kehoniq's Distillery.
  7428 | D        | Found Tigh's Armour Shop.
  7428 | D        | Found Awkos's Distillery.
  7428 | D        | Found Hueprenarch's Armour Shoppe.
  7436 | D        | Noticed Roxanne
  7447 | D        | Killed Roxanne
  7560 | D        | Noticed Boris
  7570 | D        | Reached skill level 15 in Dodging
  7579 | D        | Killed Boris
  7735 | D        | Bought a potion of haste for 140 gold pieces
  7736 | D        | Bought a potion of heal wounds for 50 gold pieces
  7746 | D        | Found Zanoohoner's Distillery.
  7763 | D        | Bought a potion of experience for 600 gold pieces
  7763 | D        | Bought 2 potions of haste for 240 gold pieces
  7763 | D        | Bought a potion of heal wounds for 60 gold pieces
  7819 | D        | Noticed a black draconian knight
  7819 | D        | Noticed a black draconian knight
  7830 | D        | Killed a black draconian knight
  7834 | D        | Killed a black draconian knight
  7935 | D        | Noticed an Executioner
  7947 | D        | Killed an Executioner
  7957 | D        | Noticed Nessos
  7969 | D        | Killed Nessos
  8044 | D        | Reached skill level 27 in Unarmed Combat
  8049 | D        | Reached skill level 15 in Earth Magic
  8070 | D        | Noticed a deep elf blademaster
  8070 | D        | Noticed a deep elf blademaster
  8071 | D        | Noticed a deep elf blademaster
  8071 | D        | Noticed a deep elf blademaster
  8071 | D        | Noticed a deep elf blademaster
  8076 | D        | Killed a deep elf blademaster
  8084 | D        | Killed a deep elf blademaster
  8085 | D        | Killed a deep elf blademaster
  8086 | D        | Reached skill level 5 in Shields
  8089 | D        | Killed a deep elf blademaster
  8090 | D        | Reached XP level 16. HP: 153/153 MP: 29/29
  8093 | D        | Killed a deep elf blademaster
  8542 | D        | Noticed Geryon
  8574 | D        | Killed Geryon
  8699 | D        | Noticed an iron giant
  8716 | D        | Killed an iron giant
  8873 | D        | Reached skill level 15 in Spellcasting
  8883 | D        | Found the +8 mithril axe "Arga" {speed, Will+}
  8883 | D        | Noticed a Hell Sentinel
  8883 | D        | Found the +4 staff of Dispater
  8883 | D        | Noticed Dispater
  8895 | D        | Killed a Hell Sentinel
  8896 | D        | Noticed a Hell Sentinel
  8897 | D        | Noticed a Hell Sentinel
  8905 | D        | Killed Dispater
  8910 | D        | Killed a Hell Sentinel
  8920 | D        | Got the Compendium of Curses and Confrontation
  8922 | D        | Got an iron rune of Zot
  8924 | D        | Identified the +1 long sword "Soaheq Nuxe" {drain, rCorr
                  | Dex-2 SInv}
  8954 | D        | Noticed a Hell Sentinel
  8960 | D        | Killed a Hell Sentinel
  8961 | D        | Reached skill level 10 in Fighting
  8965 | D        | Identified the +13 gold dragon scales "Wicwuicypt" {Harm
                  | rPois rF+ rC+ Dex+5}
  9110 | D        | Upgraded the game from 0.29-a0-517-gbdf32494f2 to
                  | 0.29-a0-542-g075992c915
  9122 | D        | Noticed Gloorx Vloq
  9125 | D        | Noticed an Executioner
  9126 | D        | Noticed an Executioner
  9126 | D        | Noticed an Executioner
  9126 | D        | Noticed an Executioner
  9127 | D        | Noticed an Executioner
  9127 | D        | Noticed an Executioner
  9130 | D        | Killed Gloorx Vloq
  9131 | D        | Noticed a royal mummy
  9137 | D        | Noticed a royal mummy
  9140 | D        | Killed a royal mummy
  9158 | D        | Killed a royal mummy
  9360 | D        | Noticed the Serpent of Hell
  9368 | D        | Noticed a storm dragon
  9372 | D        | Noticed a Brimstone Fiend
  9373 | D        | Killed the Serpent of Hell
  9377 | D        | Killed a Brimstone Fiend
  9378 | D        | Reached XP level 17. HP: 74/169 MP: 32/32
  9711 | D        | Bought a potion of heal wounds for 80 gold pieces
  9711 | D        | Bought a potion of heal wounds for 80 gold pieces
  9716 | D        | Bought a potion of curing for 39 gold pieces
  9716 | D        | Bought a potion of resistance for 130 gold pieces
  9716 | D        | Bought a potion of curing for 39 gold pieces
  9748 | D        | Noticed Mennas
  9771 | D        | Killed Mennas
 10358 | D        | Noticed Nikola
 10370 | D        | Killed Nikola
 10544 | D        | Paralysed by a hornet for 3 turns
 10829 | D        | Noticed Mara
 10846 | D        | Killed Mara
 11509 | D        | Acquired the +2 hat "Xuaplik" {Int+3 SInv}
 11776 | D        | Noticed a royal mummy
 11787 | D        | Killed a royal mummy
 11946 | D        | Noticed a royal mummy
 11953 | D        | Killed a royal mummy
 11988 | D        | Got a golden rune of Zot
 11998 | D        | Reached XP level 18. HP: 176/182 MP: 34/34
 12018 | D        | Acquired 715 gold pieces
 12022 | D        | Acquired 1015 gold pieces
 12026 | D        | Acquired 638 gold pieces
 12030 | D        | Acquired 487 gold pieces
 12034 | D        | Acquired the ring "Xein Seka" {rPois Str+6 Slay+3}
 12460 | D        | Bought the ring "Zaogim" {Drain rC+ rCorr Slay+2} for 444
                  | gold pieces
 12462 | D        | Bought a potion of might for 136 gold pieces
 12462 | D        | Bought a potion of flight for 102 gold pieces
 12462 | D        | Bought a scroll of summoning for 323 gold pieces
 12462 | D        | Bought a fluorescent wand for 136 gold pieces
 12464 | D        | Bought 2 potions of haste for 360 gold pieces
 12464 | D        | Bought a potion of might for 72 gold pieces
 12464 | D        | Bought a potion of might for 72 gold pieces
 12468 | D        | Bought a potion of might for 64 gold pieces
 12470 | D        | Bought an ancient robe for 228 gold pieces
 12470 | D        | Identified the +1 robe of the Lair of Beasts {Harm rC++}
                  | (You bought it in a shop in the Dungeon)
 12546 | D        | Noticed an Ice Fiend
 12548 | D        | Killed an Ice Fiend
 12718 | D        | Noticed an Ice Fiend
 12720 | D        | Killed an Ice Fiend
 12729 | D        | Identified the +9 shortbow of the Crushed Coins {venom,
                  | Int+2}
 12809 | D        | Noticed an Ice Fiend
 12811 | D        | Killed an Ice Fiend
 12818 | D        | Noticed Antaeus
 12873 | D        | Killed Antaeus
 12874 | D        | Reached skill level 1 in Throwing
 12997 | D        | Bought a potion of flight for 39 gold pieces
 12997 | D        | Bought a potion of flight for 39 gold pieces
 13001 | D        | Bought a potion of flight for 48 gold pieces
 13014 | D        | Noticed an Ice Fiend
 13017 | D        | Killed an Ice Fiend
 13027 | D        | Noticed an Ice Fiend
 13030 | D        | Killed an Ice Fiend
 13081 | D        | Got an icy rune of Zot
 13381 | D        | Identified the amulet of Niuhe {Reflect Harm Rampage rC+
                  | SH+5}
 13403 | D        | Got an obsidian rune of Zot
 13601 | D        | Noticed a royal mummy
 13601 | D        | Noticed Khufu
 13618 | D        | Noticed a royal mummy
 13625 | D        | Killed a royal mummy
 13634 | D        | Killed a royal mummy
 13635 | D        | Reached XP level 19. HP: 191/191 MP: 10/36
 14009 | D        | Killed Khufu
 14010 | D        | Reached skill level 10 in Shields
 14025 | D        | Got a bone rune of Zot
 14026 | D        | Identified the +1 ring mail of Light {rCorr Str+9 Int-5
                  | Dex-5}
 14277 | D        | Paralysed by a floating eye for 3 turns
 14574 | D        | Gained mutation: You are dopey. (Int -2) [a shining eye]
 14804 | D        | Found a viscous altar of Jiyva.
 14804 | D        | Noticed the Royal Jelly
 14811 | D        | Killed the Royal Jelly
 15453 | D        | Got a slimy rune of Zot
 15454 | D        | Identified the ring of Modwaesm {Will+ Dex+4}
 15960 | D        | Noticed a Killer Klown
 15968 | D        | Killed a Killer Klown
 16009 | D        | Noticed an ancient lich
 16016 | D        | Killed an ancient lich
 16101 | D        | Noticed an electric golem
 16102 | D        | Killed an electric golem
 16103 | D        | Reached skill level 10 in Evocations
 16290 | D        | Found the +4 dragonskin cloak
 16290 | D        | Noticed Tiamat
 16309 | D        | Killed Tiamat
 16515 | D        | Noticed an orb of fire
 16523 | D        | Killed an orb of fire
 16524 | D        | Gained mutation: Armour fits poorly on your strangely
                  | shaped body. [a zot statue]
 16538 | D        | Got the Orb of Zot
 16547 | D        | Gained mutation: You sometimes lose the ability to read
                  | scrolls when taking damage. [mutagenic glow]
 16556 | D        | Gained mutation: Your magical capacity is very low. (-20%
                  | MP) [mutagenic glow]
 16568 | D        | Gained mutation: You tend to lose your temper in combat.
                  | [mutagenic glow]
 16584 | D        | Gained mutation: You are very clumsy. (Dex -4) [mutagenic
                  | glow]
 16602 | D        | Gained mutation: You are frail. (-10% HP) [mutagenic glow]
 16621 | D        | Noticed Xaohoegy the pandemonium lord
 16630 | D        | Killed Xaohoegy the pandemonium lord
 16761 | D        | Noticed Beleff the pandemonium lord
 16770 | D        | Killed Beleff the pandemonium lord
 16776 | D        | Gained mutation: Your magical capacity is extremely low.
                  | (-30% MP) [mutagenic glow]
 16811 | D        | Learned a level 2 spell: Passwall
 16812 | D        | Lost mutation: You are frail. (-10% HP) [mutagenic glow]
 16847 | D        | Bought a scroll of identify for 26 gold pieces
 16931 | D        | Noticed Boris
 16935 | D        | Killed Boris
 16983 | D        | Noticed a Tzitzimitl
 16990 | D        | Killed a Tzitzimitl
 17186 | D        | Noticed Boris
 17199 | D        | Killed Boris
 17222 | D        | Noticed a Brimstone Fiend
 17225 | D        | Killed a Brimstone Fiend
 17319 | D        | Escaped with the Orb!

Illustrated notes

Levels and vault maps discovered:
D:        dungeon_sprint_mu [sprint_mu_entry_cave, sprint_mu_temple_rooms,
          sprint_mu_d1_spiders, sprint_mu_d2_genie, sprint_mu_d3_branching,
          sprint_mu_orc_legion, sprint_mu_elf_gauntlet, sprint_mu_hive_nellie,
          sprint_mu_lair_fedhas, sprint_mu_vaults_butterflies,
          sprint_mu_slime_circle, sprint_mu_shoals_kraken,
          sprint_mu_snake_twists, sprint_mu_blade_basic, sprint_mu_crypt_lich,
          sprint_mu_tomb_spiral, sprint_mu_vestibule_basic,
          sprint_mu_gehenna_hellfire, sprint_mu_dis_giant,
          sprint_mu_tartarus_statrot, sprint_mu_cocytus_islands, sprint_mu_zot1]

Skill      XL: |  1  2  3  4  5  6  7  8  9 10 11 12 13 14 15 16 17 18 19 |
---------------+----------------------------------------------------------+-----
Dodging        | 2 3 4 5 6 7 9 11 13 15 17 19 22 | 22.4
Unarmed Combat | 5 7 8 11 12 13 14 16 19 21 23 25 27 | 27.0
Spellcasting   | 2 3 4 5 6 7 9 10 12 14 16 17 18 21 | 21.0
Transmutations | 2 3 5 6 7 8 9 10 11 12 14 16 18 19 21 23 | 23.5
Fighting       | 1 2 3 4 5 6 7 8 10 12 13 | 13.2
Ice Magic      | 1 2 3 5 6 |  6.8
Evocations     | 1 2 3 5 6 8 9 11 | 11.0
Stealth        | 1 3 4 5 6 8 9 |  9.5
Earth Magic    | 8 12 15 18 20 22 25 | 25.2
Shields        | 1 3 5 7 9 11 | 11.6
Throwing       | 1 4 |  4.2
Short Blades   | |  0.3
Long Blades    | |  0.2
Axes           | |  0.2
Maces & Flails | |  0.2
Polearms       | |  0.3
Staves         | |  0.3
Slings         | |  0.1
Bows           | |  0.1
Crossbows      | |  0.1
Armour         | |  0.2
Conjurations   | |  0.1
Hexes          | |  0.1
Summonings     | |  0.2
Necromancy     | |  0.6
Translocations | |  0.1
Fire Magic     | |  0.2
Air Magic      | |  0.1
Poison Magic   | |  0.1
Invocations    | |  0.2

Action                   |  1- 3 |  4- 6 |  7- 9 | 10-12 | 13-15 | 16-18 | 19-21 || total
-------------------------+-------+-------+-------+-------+-------+-------+-------++-------
Melee: Unarmed           |    17 |    19 |    60 |   184 |   324 |   319 |   118 ||  1041
       Kick              |     2 |     1 |       |       |       |       |       ||     3
       Headbutt          |       |     3 |       |       |       |       |       ||     3
       Punch             |       |     1 |       |       |    38 |    60 |    28 ||   127
       Tailslap          |       |       |       |       |    33 |    23 |     5 ||    61
       Bite              |       |       |       |       |    22 |    30 |     6 ||    58
Throw: Javelin           |       |       |       |       |       |     2 |     7 ||     9
       Dart              |       |       |       |       |       |     2 |     1 ||     3
 Cast: Beastly Appendage |     3 |     2 |       |       |       |     1 |       ||     6
       Wereblood         |     1 |     1 |     6 |    10 |    25 |     2 |     2 ||    47
       Spider Form       |     1 |       |       |       |       |       |       ||     1
       Ice Form          |       |       |     8 |    15 |     6 |     2 |     2 ||    33
       Statue Form       |       |       |       |       |     9 |    18 |    19 ||    46
       Dragon Form       |       |       |       |       |    18 |    14 |     7 ||    39
       Blade Hands       |       |       |       |       |     2 |     6 |     1 ||     9
Invok: Call Merchant     |       |       |       |     1 |     4 |     8 |     3 ||    16
       Potion Petition   |       |       |       |     2 |     1 |    11 |     6 ||    20
 Abil: Breathe Fire      |       |       |       |       |     2 |     1 |       ||     3
       End Transformatio |       |       |       |       |     1 |       |       ||     1
Evoke: Lightning rod     |       |       |     7 |    17 |     2 |     2 |     4 ||    32
       Wand              |       |       |       |     1 |     1 |     3 |     4 ||     9
       Tin of tremorston |       |       |       |       |     6 |     3 |     4 ||    13
       Condenser vane    |       |       |       |       |     1 |     7 |     2 ||    10
       Horn of Geryon    |       |       |       |       |       |     2 |     2 ||     4
  Use: Potion            |     2 |     2 |     2 |     2 |     2 |    20 |    13 ||    43
       Scroll            |       |       |       |     3 |    20 |     8 |       ||    31
 Stab: Distracted        |       |       |       |     6 |     2 |     5 |     2 ||    15
       Sleeping          |       |       |       |     3 |     5 |     3 |       ||    11
       Invisible         |       |       |       |       |       |     1 |       ||     1
Armor: Robe              |     4 |     6 |       |       |       |     3 |     4 ||    17
       Skin              |       |       |     4 |    34 |   110 |   114 |    54 ||   316
Dodge: Dodged            |     9 |     8 |    13 |    83 |   105 |   142 |    57 ||   417
Block: Other             |       |       |       |     9 |    41 |    44 |    20 ||   114
       Reflection        |       |       |       |       |     1 |     1 |     1 ||     3

Table legend: (Time is in decaauts) A = Elapsed time spent in this place. B = Non-inter-level travel time spent in this place. C = Inter-level travel time spent in this place. D = Time resting spent in this place. E = Time spent auto-exploring this place. F = Levels seen in this place. G = Mean time per level. A B C D E F G +--------+--------+--------+--------+--------+-----+--------+ Total | 17729 | 17404 | 325 | 9211 | 95 | 1 | 17729.0 | Dungeon | 17729 | 17404 | 325 | 9211 | 95 | 1 | 17729.0 | +--------+--------+--------+--------+--------+-----+--------+

Top non-repeatable levels by time:
       D: 17729 daAuts
